 Dungeon Crawl Stone Soup version 0.20.1-1-g8b1a95d66d (webtiles) character file.

4146 Kublaii the Cudgeler (level 10, -9/102 HPs)
             Began as a Troll Berserker on Nov 28, 2017.
             Was an Elder of Trog.
             Mangled by a two-headed ogre
             ... wielding a +0 giant spiked club
              (12 damage)
             ... on level 8 of the Dungeon.
             The game lasted 00:41:58 (6312 turns).

Kublaii the Cudgeler (Troll Berserker)              Turns: 6312, Time: 00:41:59

Health: -9/102     AC:  7    Str: 31    XL:     10   Next: 7%
Magic:  9/9        EV: 10    Int:  4    God:    Trog [****..]
Gold:   411        SH:  8    Dex: 14    Spells: 9/9 levels left

rFire    + . .     SeeInvis .   a - +7 morningstar "Kepim" {flame, MR+ Str+4 Dex+3}
rCold    . . .     Gourm    +   O - +0 shield
rNeg     . . .     Faith    .   B - +2 robe {rF+}
rPois    .         Spirit   .   (helmet restricted)
rElec    .         Reflect  .   H - scarf {repulsion}
rCorr    .         Harm     .   (gloves unavailable)
MR       ++...                  (boots unavailable)
Stlth    +.........             (no amulet)
Regen    0.7/turn               D - ring of protection from magic
MPRegen  0.2/turn               (no ring)

@: very slightly contaminated, repel missiles
A: unfitting armour, claws 3, fast metabolism 3, gourmand, regeneration 1,
shaggy fur 1, tough skin 2
a: Berserk, Trog's Hand, Brothers in Arms, Burn Spellbooks, Renounce Religion


You were on level 8 of the Dungeon.
You worshipped Trog.
Trog was greatly pleased with you.
You were very full.

You visited 1 branch of the dungeon, and saw 8 of its levels.

You collected 595 gold pieces.
You spent 184 gold pieces at shops.

Inventory:

Hand Weapons
 a - the +7 morningstar "Kepim" (weapon) {flame, MR+ Str+4 Dex+3}
   (You found it on level 6 of the Dungeon)

   It has been specially enchanted to burn those struck by it, causing extra
   injury to most foes and up to half again as much damage against particularly
   susceptible opponents.
   It affects your strength (+4).
   It affects your dexterity (+3).
   It affects your resistance to hostile enchantments.
 b - a +6 blowgun
Missiles
 i - 6 javelins (quivered)
 l - 3 needles of confusion
 r - 4 poisoned needles
 y - 10 tomahawks
 K - 2 javelins of returning
 M - 2 throwing nets
 R - 4 needles of sleeping
Armour
 B - a +2 robe of fire resistance (worn)
 H - a scarf of repulsion (worn)
 O - a +0 shield (worn)
Jewellery
 D - a ring of protection from magic (left claw)
Scrolls
 d - 5 scrolls of remove curse
 f - 6 scrolls of identify
 h - 2 scrolls of fear
 j - a scroll of noise {unknown}
 k - 3 scrolls of enchant weapon
 m - a scroll of teleportation
 q - a scroll of immolation
 J - a scroll of recharging {unknown}
 P - a scroll of magic mapping {unknown}
Potions
 g - 4 potions of curing
 o - a potion of brilliance {unknown}
 s - 2 potions of flight {unknown}
 t - a potion of haste {unknown}
 u - 3 potions of might {unknown}
 w - 4 potions of heal wounds
 A - a potion of mutation {unknown}
 G - a potion of lignification {unknown}
 I - 2 potions of invisibility {unknown}
 N - a potion of cancellation {unknown}
Books
 p - a book of Minor Magic

   Spells                             Type                      Level
   a - Magic Dart                     Conjuration                  1
   b - Blink                          Translocation                2
   c - Call Imp                       Summoning                    2
   d - Slow                           Hexes                        2
   e - Conjure Flame                  Conjuration/Fire             3
   f - Mephitic Cloud                 Conjuration/Poison/Air       3
   Trog disapproves of the use of such an item.
 F - a book of Necromancy

   Spells                             Type                      Level
   a - Pain                           Necromancy                   1
   b - Animate Skeleton               Necromancy                   1
   c - Vampiric Draining              Necromancy                   3
   d - Regeneration                   Charms/Necromancy            3
   e - Animate Dead                   Necromancy                   4
   f - Control Undead                 Necromancy                   4
   Trog disapproves of the use of such an item.
 L - a book of Changes

   Spells                             Type                      Level
   a - Beastly Appendage              Transmutation                1
   b - Sticks to Snakes               Transmutation                2
   c - Spider Form                    Transmutation/Poison         3
   d - Ice Form                       Ice/Transmutation            4
   e - Blade Hands                    Transmutation                5
   Trog disapproves of the use of such an item.
Miscellaneous
 Q - a phantom mirror
Comestibles
 c - 10 bread rations
 n - a chunk of flesh
 x - 3 meat rations
 z - 2 royal jellies
 E - 7 fruits


   Skills:
 - Level 7.0 Fighting
 + Level 7.8 Maces & Flails
 - Level 4.2 Throwing
 + Level 6.1 Dodging
 - Level 4.0 Unarmed Combat


You had 9 spell levels left.
You didn't know any spells.

Dungeon Overview and Level Annotations

Branches:
Dungeon (8/15)             Temple (0/1) D:5
   Lair: D:8-11

Altars:
Cheibriados
Fedhas
Okawaru
Ru
Trog
Xom
The Shining One

Shops:
D:5 [


Innate Abilities, Weirdness & Mutations

You are too large for most types of armour.
You have claws for hands.
Your metabolism is lightning-fast.
You like to eat raw meat.
Your natural rate of healing is unusually fast.
You are covered in fur. (AC +1)
You have very tough skin. (AC +2)


Message History

Your shield prevents you from hitting the two-headed ogre.
The two-headed ogre hits you with a giant club! x2
You block the two-headed ogre's attack.
The two-headed ogre hits you with a giant club!
You sock the two-headed ogre! You burn the two-headed ogre.
The two-headed ogre is moderately wounded.
The two-headed ogre closely misses you.
The two-headed ogre hits you with a giant club!
The two-headed ogre barely misses you.
The two-headed ogre hits you with a giant club!!
You impale the two-headed ogre!! You burn the two-headed ogre!
The two-headed ogre is severely wounded.
The two-headed ogre hits you with a giant club!
The two-headed ogre barely misses you. The two-headed ogre misses you.
The two-headed ogre hits you with a giant club!
* * * LOW HITPOINT WARNING * * *
The two-headed ogre hits you with a giant spiked club!
* * * LOW HITPOINT WARNING * * *
The two-headed ogre hits you with a giant club!
You die...

# #.# ##. #####
##...#### #...
#.... ........#
#..# #<...
....##@####..#
#....
.......O.##..#
####....
...##+##O##.#
#.......
#h#..#####.##....
#h..........)..##
#.....########...
#.##### ####
........#
........#


You could see 2 two-headed ogres and 2 jackals.

Vanquished Creatures
  Pikel (D:4)
  2 hippogriffs
  A wraith (D:6)
  4 yaks (D:7)
  A hungry ghost (D:7)
  A slave (D:4)
  A sky beast (D:5)
  2 phantoms
  An ice beast (D:6)
  A necrophage (D:6)
  2 ogres
  A centaur (D:6)
  4 bullfrogs
  5 scorpions
  4 wights (D:6)
  3 howler monkeys (D:8)
  2 crimson imps (D:7)
  A centaur zombie (D:7)
  2 hounds
  A gnoll shaman (D:6)
  An orc priest (D:7)
  3 jellies
  3 orc wizards
  A bullfrog skeleton (D:5)
  2 iguanas
  7 worker ants
  Terence (D:3)
  A hound zombie (D:6)
  A hound skeleton (D:5)
  4 gnolls (D:6)
  11 adders
  2 shadow imps
  7 oozes (D:2)
  2 adder skeletons
  3 worms
  3 dart slugs
  7 leopard geckos
  11 orcs
  6 bats
  7 giant cockroaches
  6 goblins
  4 hobgoblins
  14 jackals
  11 kobolds
  3 quokkas
  2 ball pythons (D:2)
  8 frilled lizards
  A leopard gecko skeleton (D:6)
  A quokka skeleton (D:6)
  5 rats
  A fungus (D:4)
179 creatures vanquished.

Vanquished Creatures (others)
  A slave (D:4)
  An ogre (D:4)
  7 toadstools (D:2)
9 creatures vanquished.

Grand Total: 188 creatures vanquished

Notes
Turn   | Place    | Note
-------+----------+-------------------------------------------
     0 | D:1      | Kublaii the Troll Berserker began the quest for the Orb.
     0 | D:1      | Reached XP level 1. HP: 22/22 MP: 0/0
   115 | D:1      | Reached skill level 1 in Unarmed Combat
   142 | D:1      | Reached XP level 2. HP: 29/29 MP: 1/1
   651 | D:2      | Reached XP level 3. HP: 36/36 MP: 2/2
   688 | D:2      | Reached ** piety under Trog
   822 | D:2      | Reached XP level 4. HP: 43/44 MP: 3/3
  1014 | D:2      | Found a sacrificial altar of Ru.
  1309 | D:2      | Reached XP level 5. HP: 36/50 MP: 4/4
  1708 | D:3      | Reached *** piety under Trog
  1748 | D:3      | Noticed Terence
  1755 | D:3      | Killed Terence
  2121 | D:3      | Reached XP level 6. HP: 59/59 MP: 5/5
  2651 | D:4      | Reached skill level 1 in Throwing
  2740 | D:4      | Noticed Pikel
  2740 | D:4      | Noticed a slave
  2740 | D:4      | Noticed a slave
  2740 | D:4      | Noticed a slave
  2741 | D:4      | Noticed a slave
  2745 | D:4      | Killed a slave
  2768 | D:4      | Killed Pikel
  2768 | D:4      | Reached XP level 7. HP: 53/71 MP: 6/6
  3112 | D:4      | Found a snail-covered altar of Cheibriados.
  3270 | D:5      | Entered Level 5 of the Dungeon
  3270 | D:5      | Found a staircase to the Ecumenical Temple.
  3292 | D:5      | Reached XP level 8. HP: 79/79 MP: 7/7
  3331 | D:5      | Found Epuer's Antique Armour Shoppe.
  3343 | D:5      | Bought an embroidered scarf for 184 gold pieces
  3375 | D:5      | Reached skill level 5 in Fighting
  3686 | D:5      | Found a blossoming altar of Fedhas.
  3868 | D:5      | Received a gift from Trog
  4230 | D:6      | Got a fine quarterstaff
  4231 | D:6      | Identified the +4 quarterstaff of Satyriasis {crush, +Fly} (You found it on level 6 of the Dungeon)
  4655 | D:6      | Found an iron altar of Okawaru.
  4720 | D:6      | Reached skill level 5 in Maces & Flails
  4884 | D:6      | Found a sacrificial altar of Ru.
  4954 | D:6      | Found a bloodstained altar of Trog.
  4975 | D:6      | Found a glowing golden altar of the Shining One.
  5036 | D:6      | Reached **** piety under Trog
  5086 | D:6      | Found a large runed door.
  5086 | D:6      | Found a large runed door.
  5088 | D:6      | Noticed a hippogriff
  5093 | D:6      | Killed a hippogriff
  5093 | D:6      | Reached XP level 9. HP: 88/92 MP: 8/8
  5105 | D:6      | Found a large runed door.
  5105 | D:6      | Found a large runed door.
  5110 | D:6      | Got a fine morningstar
  5111 | D:6      | Identified the +7 morningstar "Kepim" {flame, MR+ Str+4 Dex+3} (You found it on level 6 of the Dungeon)
  5686 | D:7      | Reached skill level 5 in Dodging
  5831 | D:7      | Found a shimmering altar of Xom.
  5989 | D:7      | Received a gift from Trog
  5989 | D:7      | Reached XP level 10. HP: 97/102 MP: 9/9
  6302 | D:8      | Noticed a two-headed ogre
  6306 | D:8      | Noticed a two-headed ogre
  6312 | D:8      | HP: 3/102 [two-headed ogre/giant spiked club (17)]
  6312 | D:8      | Mangled by a two-headed ogre

Skill      XL: |  1  2  3  4  5  6  7  8  9 |
---------------+----------------------------+-----
Unarmed Combat | 1 2 3 4 |  4.0
Dodging        | 3 4 6 |  6.1
Throwing       | 3 4 |  4.2
Fighting       | 4 6 7 |  7.0
Maces & Flails | 5 7 |  7.8

Action                   |  1- 3 |  4- 6 |  7- 9 | 10-12 || total
-------------------------+-------+-------+-------+-------++-------
Melee: Unarmed           |    73 |   218 |       |       ||   291
       Punch             |     1 |       |     4 |       ||     5
       Giant club        |       |       |   134 |       ||   134
       Morningstar       |       |       |    79 |    26 ||   105
Throw: Tomahawk          |    33 |    40 |     8 |       ||    81
       Javelin           |       |       |    32 |     2 ||    34
Invok: Berserk           |       |       |     1 |       ||     1
       Trog's Hand       |       |       |     1 |       ||     1
  Use: Scroll            |       |       |     3 |     7 ||    10
 Stab: Sleeping          |     1 |       |     2 |       ||     3
  Eat: Chunk             |    13 |    18 |    35 |     2 ||    68
Armor: Animal skin       |    29 |    45 |       |       ||    74
       Robe              |       |       |    75 |     6 ||    81
Dodge: Dodged            |    31 |   105 |   122 |    11 ||   269
       Deflected         |       |       |     2 |       ||     2
Block: Shield            |       |       |     2 |     5 ||     7
